 Dungeon Crawl Stone Soup version 0.17-a0-1705-gb8832cf (webtiles) character file.

112 KINGKRU the Firebug (level 5, -6/35 HPs)
             Began as a Human Fire Elementalist on Aug 21, 2015.
             Killed by divine providence
             ... invoked by an orc priest
              (10 damage)
             ... on level 3 of the Dungeon.
             The game lasted 00:10:51 (2455 turns).

KINGKRU the Firebug (Human Fire Elementalist)       Turns: 2455, Time: 00:10:51

Health: -6/35      AC:  2    Str:  8    XL:     5   Next: 16%
Magic:  0/9        EV: 13    Int: 16    God:
Gold:   159        SH:  0    Dex: 14    Spells: 1 memorised, 8 levels left

rFire  . . .     SeeInvis .     d - +0 dagger
rCold  . . .     Clarity  .     a - +0 robe
rNeg   . . .     SustAt   .     (no shield)
rPois  .         Gourm    .     (no helmet)
rElec  .         Spirit   .     (no cloak)
rCorr  .         Warding  .     (no gloves)
rMut   .         Stasis   .     (no boots)
MR     .....                    (no amulet)
Stlth  ++........               (no ring)
                                (no ring)

@: not resistant to hostile enchantments, unstealthy
A: no striking features
a: no special abilities


You were on level 3 of the Dungeon.
You were not hungry.

You visited 1 branch of the dungeon, and saw 3 of its levels.

You collected 159 gold pieces.

Inventory:

Hand weapons
 d - a +0 dagger (weapon)
 f - a +1 short sword of freezing
 i - a cursed -2 dagger
Armour
 a - a +0 robe (worn)
Scrolls
 c - a scroll of magic mapping
 h - 3 scrolls of fear
Books
 b - a book of Flames

   Spells                             Type                      Level
   a - Flame Tongue                   Conjuration/Fire             1
   b - Throw Flame                    Conjuration/Fire             2
   c - Conjure Flame                  Conjuration/Fire             3
   d - Inner Flame                    Hexes/Fire                   3
   e - Sticky Flame                   Conjuration/Fire             4
   f - Fireball                       Conjuration/Fire             5
Comestibles
 g - a bread ration


   Skills:
 + Level 2.4 Dodging
 + Level 2.1 Stealth
 + Level 2.9 Spellcasting
 + Level 1.9 Conjurations
 + Level 4.1 Fire Magic


You had 8 spell levels left.
You knew the following spells:

 Your Spells              Type           Power        Failure   Level  Hunger
a - Flame Tongue          Conj/Fire      ##...        8%          1    #......


Dungeon Overview and Level Annotations

Branches:
Dungeon (3/15)

Altars:

Annotations:
D:3 yottam's ghost, average HuWn


Message History

The kobold throws a stone.
The stone hits you but does no damage.
You see here a stone.
Really walk into that teleport trap? [Y]es or [N]o only, please.
Really walk into that teleport trap?
You enter a teleport trap!
The teleport trap disappears.
Your surroundings seem slightly different. 3 orcs come into view.
The kobold throws a stone.
The stone barely misses you.
Found a dagger.
You see here a stone.
The kobold throws a stone.
The stone closely misses you.
You see here a stone.
The kobold throws a stone.
The stone hits you but does no damage.
You see here a stone.
The orc shouts!
The orc moves out of view.
The orc priest invokes the aid of Beogh against you.
Something smites you!
You die...

#.......# #.#
#.......# #.##
######.#####(.#
# #........#
.## ###...#o.#
...# ##.#_#o##
.....
#..#...#...o.)
#.K.(((.......
###@o###......
#.## #..... #.#
..... ..# ...
#.## .. #. . #.
#.


You could see an orc priest, an orc and a kobold.

Vanquished Creatures
  An orc priest (D:3)
  4 adders
  An ooze (D:3)
  A worm (D:1)
  4 giant geckos
  2 orcs
  2 bats (D:1)
  3 giant cockroaches
  7 goblins
  2 hobgoblins
  2 jackals (D:1)
  A quokka (D:2)
  A ball python (D:1)
  6 kobolds
  5 rats
42 creatures vanquished.

Notes
Turn   | Place    | Note
--------------------------------------------------------------
     0 | D:1      | KINGKRU the Human Fire Elementalist began the quest for the Orb.
     0 | D:1      | Reached XP level 1. HP: 13/13 MP: 3/3
   579 | D:1      | Reached XP level 2. HP: 19/19 MP: 0/5
  1055 | D:1      | Reached XP level 3. HP: 24/24 MP: 3/6
  1953 | D:2      | Reached XP level 4. HP: 11/30 MP: 0/7
  2312 | D:3      | Reached skill level 4 in Fire Magic
  2424 | D:3      | Reached XP level 5. HP: 14/35 MP: 4/9
  2443 | D:3      | Noticed yottam's ghost (average HuWn)
  2445 | D:3      | Found a faded altar to an unknown god.
  2455 | D:3      | Killed from afar by an orc priest

Vault maps used:
D:1:      saegor_arrival_simple_a, minmay_strange_pillars
D:2:      first_bread
D:3:      ecumenical_altar_1

Action                   |  1- 3 |  4- 6 || total
-------------------------+-------+-------++-------
Melee: Dagger            |     3 |    10 ||    13
 Cast: Flame Tongue      |    54 |    24 ||    78
  Use: Scroll            |     5 |     2 ||     7
       Potion            |     1 |     1 ||     2
  Eat: Bread ration      |     1 |       ||     1
       Meat ration       |       |     1 ||     1
